 Dungeon Crawl Stone Soup version 0.29.0-15-g675c0067aa (webtiles) character file.

Game seed: 8813028511235882709

578 quinnr the Conjurer (level 7, -21/40 HPs)
             Began as a Tengu Conjurer on Sept 11, 2022.
             Engulfed by a cloud of flame (24 damage)
             ... on level 4 of the Dungeon.
             The game lasted 00:11:09 (8074 turns).

quinnr the Conjurer (Tengu Conjurer)                Turns: 8074, Time: 00:11:09

Health: -21/40     AC:  2    Str:  7    XL:     7   Next: 35%
Magic:  0/12       EV: 16    Int: 20    God:
Gold:   179        SH:  5    Dex: 13    Spells: 5/12 levels left

rFire   . . .      SeeInvis .   c - staff of conjuration {!a}
rCold   . . .      Faith    .   (no shield)
rNeg    . . .      Spirit   .   a - +0 robe
rPois   .          Reflect  +   (helmet restricted)
rElec   .          Harm     .   (no cloak)
rCorr   .          Rampage  .   (no gloves)
Will    .....                   (boots unavailable)
Stlth   ++........              q - amulet of reflection
HPRegen 0.13/turn               (no ring)
MPRegen 0.13/turn               (no ring)

@: flying quickly and evasively, quick
A: beak, talons 3, nimble flight
a: no special abilities


You were on level 4 of the Dungeon.
You visited 1 branch of the dungeon, and saw 4 of its levels.

You collected 179 gold pieces.


Innate Abilities, Weirdness & Mutations

You have a beak for a mouth.
You have claws for feet.
Your magical nature lets you fly swiftly and evasively.


   Skills:
 - Level 2.0 Fighting
 + Level 5.0 Dodging
 - Level 2.0 Stealth
 - Level 3.0 Spellcasting
 - Level 7.0 Conjurations
 + Level 3.2 Translocations


You had 5 spell levels left.
You knew the following spells:

 Your Spells              Type           Power      Damage    Failure   Level
m - Magic Dart            Conj           100%       1d8       1%          1
s - Searing Ray           Conj           92%        2d7       1%          2
X - Iskenderun's Mystic   Conj/Tloc      35%        2d8       17%         4

Your spell library contained the following spells:

 Spells                   Type           Power      Damage    Failure   Level
 Dazzling Flash           Conj/Hex       50%        N/A       10%         3
 Fulminant Prism          Conj/Hex       12%        3d9       32%         4

Inventory:

Hand Weapons
 u - a +1 dagger of holy wrath
Missiles
 e - 3 silver javelins
Armour
 a - a +0 robe (worn)
Magical Staves
 c - a staff of conjuration (weapon) {!a}
Jewellery
 q - an amulet of reflection (around neck)
 L - a ring of flight
Wands
 m - a wand of charming (6)
 s - a wand of digging (5)
Scrolls
 j - a scroll of fog {unknown}
 k - a scroll of teleportation {unknown}
 l - 3 scrolls of immolation
 n - a scroll of amnesia {unknown}
 o - 2 scrolls of fear {unknown}
 r - a scroll of noise {unknown}
 t - a scroll of enchant weapon {unknown}
Potions
 b - a potion of heal wounds {unknown}
 d - a potion of berserk rage {unknown}
 f - a potion of degeneration
 g - 2 potions of resistance
 h - a potion of might {unknown}
 i - 4 potions of curing {unknown}
 p - a potion of mutation

Dungeon Overview and Level Annotations

Branches:
Dungeon (4/15)
 Temple: D:4-7

Altars:

Annotations:
D:4 Pikel

#.# 55#######..
).# .K.5..!.#>#
#.# #..####.#.#
#.# #@#># #.#
#†#.# ##.## #§#.#
#...#
#.#.#######.).####
#.......##........
###.###.##.#.###..
#.###.##.#.###.#
#..............#
##.)........####


There were no monsters in sight!


Message History

Casting: Magic Dart (safe; 1% risk of failure)
Confirm with . or Enter, or press ? or * to list all spells.
Aiming: Searing Ray (safe; 1% risk of failure)
Press: ? - help, Shift-Dir - straight line, f - lemure
Aim: a lemure (inner flame, 77% to hit)
You feel a surge of power!
The searing ray hits the lemure!
Flame seeps out of the lemure.
The lemure is moderately wounded. (Press . to maintain the ray.)
The lemure is engulfed in blazing flames.
Flame seeps out of the lemure.
The searing ray misses the lemure.
You block the lemure's attack.
The searing ray misses the lemure.
You block the lemure's attack.
Unknown command.
Casting: Searing Ray (safe; 1% risk of failure)
Confirm with . or Enter, or press ? or * to list all spells.
The spell is quite dangerous to miscast (17% risk of failure)!
Continue anyway?
Okay, then.
Casting: Iskenderun's Mystic Blast (quite dangerous; 17% risk of failure)
Confirm with . or Enter, or press ? or * to list all spells.
The spell is quite dangerous to miscast (17% risk of failure)!
Continue anyway?
You feel a surge of power!
You erupt in a blast of force!
The mystic blast hits the lemure!
That felt strangely unrewarding.
The lemure explodes!
The fiery explosion engulfs you!!!
Ouch! That really hurt!
* * * LOW HITPOINT WARNING * * *
You are engulfed in blazing flames.
Ouch! That really hurt!
You die...

Skill      XL: |  1  2  3  4  5  6  7 |
---------------+----------------------+-----
Conjurations   | 6 7 |  7.0
Spellcasting   | 3 |  3.0
Fighting       | 2 |  2.0
Dodging        | 3 4 5 |  5.0
Translocations | 2 3 |  3.2
Stealth        | |  2.0

Action                   |  1- 3 |  4- 6 |  7- 9 || total
-------------------------+-------+-------+-------++-------
Melee: Staff             |       |     4 |     2 ||     6
       Peck              |       |     1 |     2 ||     3
       Kick              |       |     1 |       ||     1
 Cast: Magic Dart        |    67 |   102 |    23 ||   192
       Searing Ray       |     1 |    14 |     6 ||    21
       Iskenderun's Myst |       |       |     1 ||     1
  Use: Scroll            |     2 |       |     2 ||     4
       Potion            |       |     1 |       ||     1
Armor: Robe              |     2 |     4 |     1 ||     7
Dodge: Dodged            |     9 |    32 |    11 ||    52
Block: Other             |       |       |     2 ||     2

Levels and vault maps discovered:
D:1:      dpeg_arrival_signposts, layout_basic, serial_rivers,
          chequers_serial_rivers_room_a, chequers_serial_rivers_micro_a,
          chequers_serial_rivers_large_a, chequers_serial_rivers_room_a,
          st_stairs_10
D:2:      wad_crossroads, layout_basic, shapermc_ecumenical_altar_petra,
          minmay_rat_hole, uniq_terence
D:3:      layout_rooms, uniq_robin
D:4:      layout_loops_ring, uniq_pikel, uniq_ijyb, uniq_crazy_yiuf_cottage,
          uniq_sigmund

Notes
Turn   | Place    | Note
-------+----------+-------------------------------------------
     0 | D:1      | quinnr the Tengu Conjurer began the quest for the Orb.
     0 | D:1      | Reached XP level 1. HP: 10/10 MP: 4/4
   171 | D:1      | Reached XP level 2. HP: 15/15 MP: 3/6
   679 | D:1      | Reached XP level 3. HP: 19/19 MP: 4/7
  1286 | D:2      | Reached skill level 6 in Conjurations
  1451 | D:2      | Noticed Terence
  1506 | D:1      | Identified a scroll of acquirement
  1506 | D:1      | Acquired a staff of conjuration
  1591 | D:2      | Learned a level 2 spell: Searing Ray
  1835 | D:2      | Reached skill level 3 in Spellcasting
  2004 | D:2      | Reached XP level 4. HP: 22/24 MP: 5/9
  2637 | D:2      | Found a faded altar of an unknown god.
  3182 | D:3      | Reached skill level 7 in Conjurations
  3266 | D:3      | Reached skill level 1 in Fighting
  3337 | D:3      | Noticed an ice beast
  3359 | D:3      | Killed an ice beast
  3360 | D:3      | Reached skill level 2 in Fighting
  3360 | D:3      | Reached skill level 3 in Dodging
  3360 | D:3      | Gained mutation: Your magical nature lets you fly swiftly
                  | and evasively. [Tengu growth]
  3360 | D:3      | Reached XP level 5. HP: 19/30 MP: 0/10
  3696 | D:3      | Noticed Robin
  3813 | D:3      | Killed Robin
  3814 | D:3      | Reached skill level 4 in Dodging
  3814 | D:3      | Reached XP level 6. HP: 35/35 MP: 5/11
  4355 | D:2      | Learned a level 4 spell: Iskenderun's Mystic Blast
  4757 | D:2      | Found a faded altar of an unknown god.
  5142 | D:2      | Found a faded altar of an unknown god.
  6470 | D:2      | Found a faded altar of an unknown god.
  6834 | D:2      | Killed Terence
  7406 | D:4      | Noticed Sigmund
  7462 | D:3      | Killed Sigmund
  7463 | D:3      | Reached skill level 5 in Dodging
  7463 | D:3      | Reached skill level 2 in Translocations
  7465 | D:3      | Reached XP level 7. HP: 40/40 MP: 4/12
  7565 | D:4      | Noticed Ijyb
  7591 | D:4      | Killed Ijyb
  7784 | D:4      | Reached skill level 3 in Translocations
  7993 | D:4      | Noticed Pikel
  8074 | D:4      | HP: 3/40 [spore (37)]
  8074 | D:4      | Engulfed by a cloud of flame

Vanquished Creatures
  Sigmund (D:3)
  An ice beast (D:3)
  A centaur (D:4)
  2 lemures (D:4)
  A jelly (D:3)
  Ijyb (D:4)
  Terence (D:2)
  Robin (D:3)
  4 adders
  3 worms
  A dart slug (D:3)
  7 orcs
  9 bats
  4 endoplasms
  5 giant cockroaches
  15 goblins
  9 hobgoblins
  3 jackals (D:3)
  5 quokkas
  12 ball pythons
  5 frilled lizards
  10 kobolds
  20 rats
121 creatures vanquished.

Table legend: (Time is in decaauts)
 A = Elapsed time spent in this place.
 B = Non-inter-level travel time spent in this place.
 C = Inter-level travel time spent in this place.
 D = Time resting spent in this place.
 E = Time spent auto-exploring this place.
 F = Levels seen in this place.
 G = Mean time per level.
                   A        B        C        D        E       F      G
               +--------+--------+--------+--------+--------+-----+--------+
         Total |   7750 |   7606 |    144 |    375 |   6449 |   4 | 1937.5 |
       Dungeon |   7750 |   7606 |    144 |    375 |   6449 |   4 | 1937.5 |
               +--------+--------+--------+--------+--------+-----+--------+

Top non-repeatable levels by time:
     D:2: 4734 daAuts
     D:1: 1267 daAuts
     D:3: 1211 daAuts
     D:4: 537 daAuts

Table legend:
 A = Non-vault XP
 B = Vault XP
 C = Vault XP percentage of total XP
 D = Non-vault monster count
 E = Vault monster count
 F = Vault count percentage of total count
                 A         B        C        D         E       F
            +---------+---------+-------+---------+---------+-------
      Total |     471 |     355 |  43.0 |      77 |      42 |  35.3
            +---------+---------+-------+---------+---------+-------
        D:1 |      32 |       4 |  11.1 |      20 |       3 |  13.0
        D:2 |      58 |      63 |  52.1 |      23 |      24 |  51.1
        D:3 |     246 |     252 |  50.6 |      27 |      14 |  34.1
        D:4 |     135 |      36 |  21.1 |       7 |       1 |  12.5
            +---------+---------+-------+---------+---------+-------
